[Event "Early-Titled-Tuesday-Blitz-March-12-2024"]
[Site "Chess.com"]
[Date "2024.03.12"]
[Round "6"]
[White "Blitzstream"]
[Black "Let_it_be_1"]
[Result "1/2-1/2"]
[WhiteElo "2800"]
[BlackElo "2624"]
[TimeControl "180+1"]
[EndTime "9:07:13 PDT"]
[Termination "Game drawn by repetition"]

1. e4 e6 2. d4 d5 3. Nd2 Nf6 4. e5 Nfd7 5. c3 c5 6. Ngf3 Nc6 7. Bd3 f6 8. exf6 Nxf6 9. O-O Bd6 10. Re1 O-O 11. Nf1 Qc7 12. Bg5 e5 13. dxe5 Nxe5 14.
Nxe5 Bxe5 15. Bh4 Bd7 16. Bg3 Rae8 17. Qc2 c4 18. Bf5 Bxf5 19. Qxf5 Ne4 20. Qh5 Bxg3 21.
hxg3 g6 22. Qxd5+ Qf7 23. Qxf7+ Kxf7 24. f3 Nc5 25. Nd2 b5 26. b3 Rd8 27. Red1 Rd3 28. Ne4 Nxe4 29. fxe4 Rxc3 30. Rd7+ Ke6 31. Rxa7 cxb3 32.
axb3 Rxb3 33. Rxh7 Rb2 34. Kh2 Ke5 35. Re7+ Kd4 36.
e5 Rff2 37. e6 Rxg2+ 38. Kh3 Ke5 39. Re8 Rbe2 40. e7 Kf5 41. Rf1+ Kg5 42. Rh1 Rgf2 43.
Rb8 Rxe7 44. Rxb5+ Rf5 45. Rb4 Rh7+ 46. Rh4 Rxh4+ 47. gxh4+ Kh5 48. Kg3 Rb5 49. Rf1 Rb3+ 50. Kg2 Kxh4 51. Kg1 Kg3 52. Kh1 g5 53. Kg1 g4 54.
Ra1 Rf3 55. Kh1 Kh3 56. Kg1 Kg3 57. Kh1 Rc3 58. Kg1 Kh3 59. Kh1 Rc2 60. Kg1 g3 61.
Kh1 Rh2+ 62. Kg1 Rg2+ 63. Kh1 Rf2 64. Kg1 Rd2 65. Kh1 Re2 66. Kg1 Rf2 67. Kh1 Rf4 68.
Kg1 Kg4 69. Rb1 Re4 70. Ra1 Kf3 71. Ra3+ Re3 72. Ra1 Re2 73. Ra3+ Re3 74. Ra1 Re2 75. Ra3+ Re3 1/2-1/2

[Event "Early-Titled-Tuesday-Blitz-March-12-2024"]
[Site "Chess.com"]
[Date "2024.03.12"]
[Round "6"]
[White "KuzubovYuriy"]
[Black "FairChess_on_YouTube"]
[Result "1-0"]
[WhiteElo "2923"]
[BlackElo "3108"]
[TimeControl "180+1"]
[EndTime "9:07:14 PDT"]
[Termination "KuzubovYuriy won on time"]

1. d4 g6 2. e4 Bg7 3. Nf3 d6 4. c3 Nf6 5. Bd3 O-O 6. O-O Nc6 7. Re1 e5 8. dxe5 Nxe5 9. Nxe5 dxe5 10. Bg5 h6 11.
Bh4 Qe8 12. Na3 Nh5 13. Bb5 c6 14. Bf1 Be6 15. Nc4 Nf4 16. f3 b5 17. Na5 Qb8 18.
b4 Rc8 19. Bf2 c5 20. Bxc5 Rxc5 21. bxc5 Bf8 22. Nb3 a5 23. g3 Nh5 24. Rb1 a4 25. Nc1 Qc7 26. Rxb5 Bxc5+ 27. Kg2 Rd8 28. Qc2 Ba7 29.
Nd3 Bc4 30. Rb4 a3 31. Rd1 Rc8 32. Nc1 Be6 33. Nb3 Qxc3 34. Qxc3 Rxc3 35. Rd2 Be3 36. Re2 Nf6 37. Nd2 Bxa2 38. Nb1 Bxb1 39. Rxb1 Bd4 40.
Ra2 Nd7 41. Rb7 Nc5 42. Ra7 Nxe4 43. Ra8+ Kg7 44. fxe4 Bc5 45. Be2 Re3 46. Bf3 h5 47.
Ra5 Bb4 48. Rxe5 Bc3 49. Rxa3 Rxf3 50. Kxf3 Bxe5 51. Ra6 Bd4 52. h3 Be5 53. g4 hxg4+ 54. hxg4 Kh6 55. Ra7 f6 56. Ra8 Kg5 57. Ra5 Kh4 58.
Ra7 Kg5 59. Rh7 Bd4 60. Rh1 Be5 61. Rd1 Bc3 62. Rf1 Be5 63. Rg1 Bd4 64. Rg2 Be5 65.
Ke3 Kh4 66. g5 fxg5 67. Kf3 Bf4 68. Rg1 Kh3 69. Rh1+ Bh2 70. Rxh2+ Kxh2 71. Kg4 1-0

[Event "Early-Titled-Tuesday-Blitz-March-12-2024"]
[Site "Chess.com"]
[Date "2024.03.12"]
[Round "6"]
[White "StankovicIvan"]
[Black "IMRosen"]
[Result "0-1"]
[WhiteElo "2535"]
[BlackElo "2713"]
[TimeControl "180+1"]
[EndTime "9:07:14 PDT"]
[Termination "IMRosen won on time"]

1. e4 e5 2. d4 exd4 3. Qxd4 Nc6 4. Qe3 Nf6 5. Nc3 Bb4 6. Bd2 O-O 7. O-O-O Re8 8. f3 d5 9. Qf2 d4 10. Nb5 Bc5 11.
c3 a6 12. Nxd4 Nxd4 13. Be3 Nb3+ 14. axb3 Bxe3+ 15. Qxe3 Qe7 16. Ne2 a5 17. Kb1 a4 18.
bxa4 Rxa4 19. Nd4 Be6 20. Bb5 Ba2+ 21. Kc2 Raa8 22. Bxe8 Rxe8 23. Ra1 Bc4 24. Rhd1 Qe5 25. Nf5 Qxf5 26. exf5 Rxe3 27. Re1 Rxe1 28. Rxe1 Kf8 29. b3 Bd5 30. Re5 Bc6 31. c4 Nd7 32. Re3 f6 33. Kc3 Ne5 34. h3 h5 35. f4 Nf7 36. g4 hxg4 37. hxg4 Nh6 38. Rg3 Ke7 39.
b4 Bd7 40. Kd3 Nf7 41. c5 Bb5+ 42. Kd4 Nd8 43. Re3+ Kf7 44. Rh3 Nc6+ 45. Ke4 Nxb4 46. g5 fxg5 47. fxg5 Bc6+ 48. Ke5 Bd7 49. g6+ Ke7 50.
Re3 Nc6+ 51. Kf4+ Kf6 52. Rf3 Bxf5 53. Rg3 Bxg6 54. Rb3 Nd8 55. Re3 Bf7 56. Ke4 Ne6 57. Rf3+ Ke7 58. Ke5 Nxc5 59. Rc3 Ne6 60. Rb3 b6 61.
Rg3 g5 62. Rg1 c5 63. Rb1 c4 64. Rxb6 Nc5 65. Rc6 Nd7+ 66. Kd4 g4 67. Rh6 Be6 68. Rh8 Kf6 69. Rh6+ Kf5 70. Rh7 Nf6 71. Rg7 Kf4 72. Rg6 Kf5 73. Rg7 Nh5 0-1

[Event "Early-Titled-Tuesday-Blitz-March-12-2024"]
[Site "Chess.com"]
[Date "2024.03.12"]
[Round "6"]
[White "Andrei_Skvortsov"]
[Black "Maxfan2008"]
[Result "0-1"]
[WhiteElo "2758"]
[BlackElo "2614"]
[TimeControl "180+1"]
[EndTime "9:07:22 PDT"]
[Termination "Maxfan2008 won on time"]

1. e4 c5 2. d4 cxd4 3. Qxd4 Nc6 4. Qd3 g6 5. Nc3 Bg7 6. Nf3 d6 7. Be2 a6 8. O-O Nf6 9. Nd5 O-O 10. Bg5 Nd7 11. c3 h6 12. Bh4 g5 13. Bg3 Nc5 14.
Qc2 f5 15. exf5 Bxf5 16. Qd1 Bg6 17. Bc4 Kh7 18. Re1 b5 19. Bf1 e6 20. Bxd6 Rf5 21.
Ne3 Ne4 22. Nxf5 exf5 23. Ba3 Qb6 24. Qc2 Rc8 25. Re3 a5 26. Qb3 b4 27. cxb4 axb4 28.
Rc1 f4 29. Rxe4 Bxe4 30. Bxb4 Nd4 31. Qd1 Rxc1 32. Qxc1 Qxb4 33. Nxd4 Qxd4 34. b3 f3 35. gxf3 Bxf3 36. h3 g4 37. Bg2 Bxg2 38. Kxg2 gxh3+ 39. Kxh3 Qxf2 40. Qb1+ Kh8 41. Qe4 Qf1+ 42. Kg4 Qg1+ 43.
Kh3 Qf1+ 44. Kg4 Qf7 45. Qd3 Qe6+ 46. Kg3 Be5+ 47. Kf3 Qh3+ 48. Ke4 Qe6 49. Qd5 Qxd5+ 50. Kxd5 Bc3 51. Ke4 h5 52. Kf3 Kg7 53. Kg2 Kg6 54.
a4 Kg5 55. a5 Bxa5 56. b4 Bb6 57. Kh1 Kg4 58. b5 h4 59. Kg2 h3+ 60. Kh2 Kh4 61. Kh1 Bc5 62. b6 Kg3 63. b7 Bd6 64. Kg1 h2+ 65. Kh1 Kh3 0-1

[Event "Early-Titled-Tuesday-Blitz-March-12-2024"]
[Site "Chess.com"]
[Date "2024.03.12"]
[Round "6"]
[White "Mops_2004"]
[Black "Msb2"]
[Result "1-0"]
[WhiteElo "2855"]
[BlackElo "2996"]
[TimeControl "180+1"]
[EndTime "9:07:23 PDT"]
[Termination "Mops_2004 won by checkmate"]

1. g3 d5 2. Bg2 e6 3. d3 Nf6 4. f4 Be7 5. a4 O-O 6. Nf3 b6 7. O-O Bb7 8. e3 c5 9. Qe2 Nc6 10. Nc3 a6 11. b3 d4 12. Nd1 dxe3 13. Nxe3 Qc7 14. Bb2 Rad8 15. h3 b5 16. Kh2 Nd4 17. Qf2 Rfe8 18. axb5 axb5 19. Ra7 Nc6 20. Rxb7 Qxb7 21.
Ne5 Nd5 22. Nxc6 Qxc6 23. c4 bxc4 24. bxc4 Bf8 25. f5 Qb7 26. fxe6 fxe6 27. cxd5 exd5 28. Ba1 h6 29. Qf3 Kh8 30. Nxd5 Qc6 31. Qh5 Qd6 32. Nf4 Kh7 33. Be4+ Rxe4 34. dxe4 Qa6 35. Qf5+ Kg8 36. Qe6+ Qxe6 37. Nxe6 Rd2+ 38. Kg1 Bd6 39. e5 Be7 40. Nf4 c4 41. Bc3 Rc2 42. Rf3 Bc5+ 43. Kf1 g5 44. Ne6 Be7 45. Nd4 Ra2 46. Nf5 Bf8 47. e6 Ra7 48.
Re3 Be7 49. Nxh6+ Kh7 50. Nf5 Bc5 51. e7 Bxe3 52. e8=Q Bd4 53. Qh5+ Kg8 54. Qxg5+ Bg7 55. Bxg7 Kf7 56. Qh5+ Ke6 57. Qg6+ Kd5 58. Ne3+ Kc5 59.
Qf5+ Kb4 60. Nd5+ Ka4 61. Qc2+ Kb5 62. Nc3+ Kb4 63. Bf8+ Ka5 64. Qb2 Rf7+ 65. Ke2 Rb7 66. Qa3+ Kb6 67. Qc5+ Ka6 68. Qxc4+ Ka7 69. Bc5+ Ka8 70.
Qd5 Kb8 71. Qxb7+ Kxb7 72. Kd3 Kc6 73. Kc4 Kd7 74. Kd5 Ke8 75. Ke6 Kd8 76. Be7+ Kc7 77.
Nd5+ Kc6 78. g4 Kb5 79. g5 Kc4 80. g6 Kd4 81. g7 Kd3 82. g8=Q Ke4 83. Qg4+ Kd3 84.
h4 Kc2 85. Qf3 Kb2 86. Qd3 Ka2 87. Nb4+ Kb2 88. Bf6+ Kc1 89. Na2# 1-0

[Event "Early-Titled-Tuesday-Blitz-March-12-2024"]
[Site "Chess.com"]
[Date "2024.03.12"]
[Round "6"]
[White "alexrustemov"]
[Black "Rud_Makarian"]
[Result "0-1"]
[WhiteElo "2859"]
[BlackElo "3016"]
[TimeControl "180+1"]
[EndTime "9:07:32 PDT"]
[Termination "Rud_Makarian won on time"]

1. d4 d5 2. Bg5 f6 3. Bd2 e5 4.
e3 Bd6 5. c4 Nh6 6. Nc3 O-O 7.
dxe5 fxe5 8. cxd5 Bg4 9. Be2 Qh4 10. g3 Qf6 11. f3 Bd7 12. Ne4 Qg6 13. Bd3 Na6 14.
a3 Kh8 15. Qe2 Qf7 16. Nxd6 cxd6 17. e4 Nc5 18. Bc2 Rac8 19. Kf1 Na4 20. Bxa4 Bxa4 21. Bc3 g5 22. Kg2 g4 23. h3 gxf3+ 24. Nxf3 Qg6 25.
Nh4 Qg5 26. Raf1 Rg8 27. Qf3 Qxh4 28. Qf6+ Qxf6 29. Rxf6 Rg6 30. Rxd6 Rxd6 31. Bxe5+ Kg8 32. Bxd6 Rc2+ 33. Kf3 Nf7 34. Bf4 Rxb2 35. Re1 Rb3+ 36. Re3 Rb1 37. e5 Rf1+ 38. Kg4 Rd1 39. e6 Nh8 40. d6 Ng6 41. d7 Nf8 42. e7 Bxd7+ 43. Kh5 Ng6 44. e8=Q+ Bxe8 45. Rxe8+ Kf7 46. Rb8 Rd7 47.
Kg4 a6 48. h4 Nf8 49. h5 Ne6 50. Kf5 Nd4+ 51. Ke4 Nc6 52. Rc8 a5 53. g4 a4 54.
g5 Rd4+ 55. Kf5 Rd5+ 56. Ke4 Rd4+ 57. Kf5 Ne7+ 58. Ke5 Rxf4 59. Rh8 Rf5+ 60. Ke4 Rxg5 61. Rxh7+ Ke6 62. h6 Rg4+ 63. Kf3 Rh4 64. Rh8 Ng6 65.
Rb8 Rxh6 66. Rxb7 Rh3+ 67. Ke4 Rxa3 68. Rb6+ Kf7 69. Kd4 Ra1 70. Ra6 Nf4 71. Kc4 Ne6 72. Kb4 Rb1+ 73. Ka3 Rb3+ 0-1

[Event "Early-Titled-Tuesday-Blitz-March-12-2024"]
[Site "Chess.com"]
[Date "2024.03.12"]
[Round "6"]
[White "Sam_ChessMood"]
[Black "Jospem"]
[Result "1/2-1/2"]
[WhiteElo "2977"]
[BlackElo "3125"]
[TimeControl "180+1"]
[EndTime "9:07:34 PDT"]
[Termination "Game drawn by repetition"]

1. e4 c5 2. Nf3 d6 3. d4 cxd4 4. Nxd4 a6 5. c4 e6 6. Nc3 Nf6 7. Be2 Be7 8. O-O O-O 9. Be3 b6 10. Rc1 Bb7 11. f3 Nbd7 12. Qd2 Rc8 13. Rfd1 Qc7 14. Bf1 Qb8 15. Kh1 Rfe8 16. a3 Bd8 17. b4 Bc7 18. Qf2 d5 19. cxd5 Bxh2 20. dxe6 fxe6 21.
Qh4 Be5 22. Nce2 Nf8 23. Qh3 Rcd8 24. Nb3 Bb2 25. Rb1 Rxd1 26. Rxd1 Bxa3 27. Bxb6 Bxb4 28. Bg1 Bc8 29. Nc5 a5 30. Nd3 e5 31. Qg3 Ng6 32. Nxb4 axb4 33. Rb1 Be6 34. Qe1 b3 35. Nc1 Nh5 36.
Nd3 Bf7 37. Bf2 Qd6 38. Nc5 Rb8 39. Qc3 Ngf4 40. Nxb3 Qh6 41. Kg1 Re8 42. Nc1 Qg5 43.
Kh2 Qh6 44. Kg1 Qg5 45. Kh2 Nf6 46. Nd3 Ng6 47. Kg1 h5 48. Qc1 Qxc1 49. Rxc1 h4 50. Be3 Rd8 51. Nf2 Nh5 52. Rd1 Rc8 53. Nd3 Rc3 54. Rc1 Ra3 55. Bc5 Rb3 56. Bd6 h3 57. Nxe5 hxg2 58. Bxg2 Nxe5 59. Bxe5 Be6 60. Kf2 Nf6 61.
Bxf6 gxf6 62. Bf1 Rb2+ 63. Be2 Kf7 64. Ke3 Rb3+ 65. Kf4 Rb7 66. Rc6 Ke7 67. Rc5 Ra7 68. Rb5 Rc7 69. Ra5 Rb7 70. Bd3 Rd7 71. Bb5 Rc7 72. Ra6 Rb7 73. Bc6 Rc7 74. Bd5 Bd7 75.
Ra5 Kd6 76. Ra1 Ke7 77. Rh1 Rc3 78. Rh7+ Ke8 79. Rh8+ Ke7 80. Rh7+ Ke8 81. Rh6 Ke7 82. Rh7+ 1/2-1/2

[Event "Early-Titled-Tuesday-Blitz-March-12-2024"]
[Site "Chess.com"]
[Date "2024.03.12"]
[Round "6"]
[White "Felix-Rose"]
[Black "ChelsieMonica"]
[Result "1-0"]
[WhiteElo "2271"]
[BlackElo "2527"]
[TimeControl "180+1"]
[EndTime "9:07:35 PDT"]
[Termination "Felix-Rose won by resignation"]

1. d4 Nf6 2. Nc3 d5 3. Bf4 g6 4.
e3 Bg7 5. Bd3 O-O 6. h4 c5 7. h5 Bg4 8. Be2 gxh5 9. Bxg4 hxg4 10. dxc5 Nc6 11. Qd3 e5 12. Bg5 e4 13.
Qd2 Re8 14. O-O-O d4 15. exd4 Nb4 16. d5 e3 17. fxe3 Qa5 18. a3 Rac8 19. Kb1 Na6 20. Bxf6 Bxf6 21. Ne4 Qd8 22. Nxf6+ Qxf6 23. Qd3 Qg7 24.
b4 Red8 25. Ne2 Nc7 26. d6 Ne6 27. Nd4 Nxd4 28. Qxd4 b6 29. Qxg7+ Kxg7 30. Rd5 bxc5 31. bxc5 f6 32. Rh4 Rc6 33. Rxg4+ Kf7 34. Re4 Rb8+ 35.
Kc1 Rd8 36. Re7+ Kg6 37. d7 Rc7 38. c6 Rxc6 39. Re8 Rxd7 40. Rxd7 h5 41. Rg8+ Kf5 42. Rh7 h4 43. Rxh4 Rc3 44. Rf4+ Ke6 45. Re8+ Kf7 46. Rc8 Rxc8 47. g4 Ke6 48. Ra4 Rc7 49. Ra6+ Ke5 50. Ra5+ Ke4 51. Rf5 Kxe3 52. Rxf6 Rg7 53. Ra6 Kd4 54.
g5 Kc5 55. g6 Kb5 56. Rf6 a5 57. Kb2 Kc4 58. Rc6+ Kb5 59. Rf6 Kc4 60. Kc1 Kb5 61. Kd2 Ka4 62. Ra6 Kxa3 63. Rxa5+ Kb4 64. Rg5 Kc4 65. Ke3 Re7+ 66. Kf4 Rg7 67. Kf5 Kc3 68. Kf6 Rc7 69. g7 Kxc2 70. g8=Q Rc3 71. Rg2+ Kd3 72. Qg6+ 1-0

[Event "Early-Titled-Tuesday-Blitz-March-12-2024"]
[Site "Chess.com"]
[Date "2024.03.12"]
[Round "6"]
[White "Yan_Dyomin2010"]
[Black "crazyluzhinTh3"]
[Result "0-1"]
[WhiteElo "2714"]
[BlackElo "2580"]
[TimeControl "180+1"]
[EndTime "9:07:40 PDT"]
[Termination "crazyluzhinTh3 won by resignation"]

1. e4 d6 2. d4 Nf6 3. Nc3 g6 4.
Nf3 Bg7 5. h3 O-O 6. Be3 a6 7.
Qd2 b5 8. Bd3 Bb7 9. a3 Nc6 10.
O-O e5 11. dxe5 Nxe5 12. Nxe5 dxe5 13. Bc5 Re8 14. Rad1 Nh5 15. Be2 Nf4 16. Bg4 Qg5 17. Kh2 Rad8 18. Qe3 h5 19. Bf3 Bc8 20. Nd5 c6 21.
Ne7+ Kh7 22. Rxd8 Rxd8 23. Nxc8 Rxc8 24. Rd1 Qf6 25. Qb3 Ne6 26. Be3 Rd8 27. Rxd8 Qxd8 28.
c3 Bh6 29. Bxh6 Kxh6 30. Qc2 Kg7 31. g3 h4 32. Kg2 hxg3 33. fxg3 Qg5 34. h4 Qe3 35.
Qf2 Qd3 36. Qe2 Qb1 37. b4 Qc1 38. Qd3 Qxa3 39. Bg4 Qb2+ 40. Kh3 Nf8 41. Qe3 Qb1 42. Kh2 Qc2+ 43. Kh3 Qb1 44. Kh2 Qf1 45. h5 gxh5 46.
Bxh5 Ne6 47. Bg4 Nf8 48. Qg5+ Ng6 49. Qe3 Qc4 50. Bf5 Qf1 51. Bh3 Qf6 52. Bf5 Ne7 53.
g4 Qh4+ 54. Kg2 Ng6 55. Bxg6 Kxg6 56. Qf3 Qf6 57. Qh3 Qf4 58. Qh5+ Kg7 59. Kh3 Qf3+ 60. Kh2 Qxe4 61. Qg5+ Kf8 62. Qd8+ Kg7 63. Qg5+ Kh7 64. Qh5+ Kg8 65. Qg5+ Qg6 66. Qxe5 Qxg4 67. Qe8+ Kg7 68. Qxc6 Qe2+ 69. Kg3 Qe5+ 70. Kg2 Qe6 71. Qc5 Kg6 72. Qa7 Kf5 73. Kf2 Kf4 74. Qd4+ Kf5 75. Qc5+ Kg6 76. Qa7 f5 77. Qc5 Kg5 78. Qa7 Kg4 79.
Qc5 f4 80. Qd4 Qc4 81. Qg7+ Kf5 82. Qf8+ Ke4 83. Qe7+ Kd3 84. Qf6 Kc2 85. Kf3 Qxc3+ 0-1

[Event "Early-Titled-Tuesday-Blitz-March-12-2024"]
[Site "Chess.com"]
[Date "2024.03.12"]
[Round "6"]
[White "Semen_Khanin"]
[Black "AlexPapasimakopoulos"]
[Result "1-0"]
[WhiteElo "2893"]
[BlackElo "2712"]
[TimeControl "180+1"]
[EndTime "9:07:49 PDT"]
[Termination "Semen_Khanin won on time"]

1. e4 e6 2. d4 d5 3. e5 c5 4.
c3 Nc6 5. Nf3 Bd7 6. Na3 cxd4 7.
cxd4 Bxa3 8. bxa3 Nge7 9. Bd3 Qa5+ 10. Qd2 O-O 11. Ke2 Rfc8 12. Qg5 Nf5 13. Be3 Qxa3 14. Rhd1 Qb2+ 15. Kf1 h6 16. Qg4 Qa3 17. Bxf5 exf5 18. Qg3 Kf8 19. Kg1 Ne7 20. Rab1 b6 21. Bd2 Rc4 22. e6 Bxe6 23. h4 Rac8 24. Rb3 Qxa2 25. Re3 Qa4 26. Rde1 Rc2 27. Rxe6 fxe6 28. Bf4 Qd7 29.
Ne5 Qe8 30. Nd3 Qg6 31. Qe3 R2c3 32. Qd2 Rc2 33. Qb4 R2c4 34. Qd6 Rxd4 35. Ne5 Qe8 36. Bxh6 Re4 37. Rxe4 dxe4 38. Qxe6 gxh6 39. Qxh6+ Kg8 40. Qg5+ Kh7 41. h5 Rc5 42. Qf6 Rxe5 43. Qxe5 Qf7 44. Qd6 b5 45. Qc5 a6 46. Qb6 Nd5 47.
Qxa6 b4 48. Qb5 Kh6 49. Qe2 Qxh5 50. Qd2+ Qg5 51. Qxd5 Qc1+ 52. Kh2 Qf4+ 53. Kg1 Qc1+ 54. Kh2 Qc7+ 55. Kg1 Kg5 56. Qg8+ Kf6 57. Qf8+ Kg5 58. Qxb4 Qc1+ 59. Kh2 Qf4+ 60. Kg1 Qc1+ 61. Kh2 Qc7+ 62.
g3 Qc2 63. Qe7+ Kg6 64. Qe6+ Kg5 65. Qg8+ Kf6 66. Qh8+ Kg6 67. Qg8+ Kf6 68. Qf8+ Kg6 69. Qe8+ Kg5 70. Qd8+ Kg6 71. Qd4 Qe2 72. Kg2 Qf3+ 73. Kg1 Kh5 74. Qf6 Qd1+ 75. Kh2 Qf3 76. Qh8+ Kg6 77. Kg1 Kf7 78. Qh7+ Ke6 79. Qg8+ Kd7 80.
Qf7+ Kd6 81. Qf6+ Kd5 82. Qf7+ Kc5 83. Qc7+ Kd4 84. Qc2 e3 85. Qb2+ Ke4 86. Qb7+ 1-0

[Event "Early-Titled-Tuesday-Blitz-March-12-2024"]
[Site "Chess.com"]
[Date "2024.03.12"]
[Round "6"]
[White "Firouzja2003"]
[Black "FormerProdigy"]
[Result "1-0"]
[WhiteElo "3157"]
[BlackElo "2989"]
[TimeControl "180+1"]
[EndTime "9:07:58 PDT"]
[Termination "Firouzja2003 won by resignation"]

1. Nf3 Nf6 2. g3 d5 3. Bg2 e6 4.
O-O Be7 5. d3 O-O 6. c4 c5 7.
cxd5 exd5 8. d4 Nc6 9. Nc3 Re8 10. Be3 Bf8 11. Bg5 cxd4 12. Nxd4 h6 13. Bxf6 Qxf6 14.
Ndb5 Rd8 15. Nc7 Rb8 16. N7xd5 Qe5 17. e4 Be6 18. Qa4 Qd4 19. Qxd4 Nxd4 20. Rfd1 Nc6 21. h3 Nb4 22. Rac1 Rbc8 23. a3 Nxd5 24. Nxd5 Rxc1 25.
Rxc1 Bxd5 26. exd5 Bd6 27. h4 h5 28. Bh3 g6 29.
Bc8 b6 30. Bb7 Kf8 31. Kf1 Re8 32. Rc4 a5 33. Ba6 Bc5 34. b4 axb4 35. axb4 Bd6 36. b5 Bc5 37. Bb7 Ke7 38. Bc6 Rd8 39. Ra4 Kf6 40.
Ra7 Rg8 41. f4 Rd8 42. Kg2 Rd6 43. Kf3 Bd4 44. Ke4 Bf2 45. Kf3 Bc5 46. Be8 Rxd5 47. Rxf7+ Ke6 48. Rg7 Rd3+ 49. Kg2 Rd2+ 50. Kf1 Rd8 51.
Rxg6+ Ke7 52. Bc6 Rd2 53. Rg5 Rf2+ 54. Ke1 Rb2 55. Kd1 Bf2 56. g4 hxg4 57. Rxg4 Bd4 58. f5 Bf6 59. h5 Rh2 60. Bf3 Kf8 61. Rg6 Ke7 62. Bg4 Bd4 63. Re6+ Kf7 64. h6 Bf6 65. Rxb6 Rxh6 66. Rb7+ Be7 67. b6 Rd6+ 68. Ke2 Kf6 69.
Rb8 Rd4 70. Bf3 Rb4 71. b7 Kxf5 72. Rh8 Bd6 73. Rh6 Ke5 74. Kd3 Bc7 75. Kc3 Rb1 76. Kc4 Bb8 77. Kc5 Rc1+ 78. Kb5 Rb1+ 79. Kc6 Rc1+ 80.
Kd7 Rc7+ 81. Kd8 Rg7 82. Rh5+ Kd6 83. Rh6+ Kc5 84. Bc6 Rg8+ 85. Be8 Rg7 86. Rc6+ Kd5 87. Kc8 Be5 88. Rb6 Rg8 89. Rb5+ Kd4 90. Rxe5 Kxe5 91. b8=Q+ Kf6 92. Qd6+ 1-0

[Event "Early-Titled-Tuesday-Blitz-March-12-2024"]
[Site "Chess.com"]
[Date "2024.03.12"]
[Round "6"]
[White "Hamisandwich"]
[Black "szachuspl"]
[Result "1/2-1/2"]
[WhiteElo "2710"]
[BlackElo "2544"]
[TimeControl "180+1"]
[EndTime "9:08:05 PDT"]
[Termination "Game drawn by stalemate"]

1. c4 e5 2. Nc3 Bb4 3. Qb3 Bxc3 4. Qxc3 Nc6 5. b4 d6 6. b5 Nce7 7. g3 Nf6 8. Bg2 O-O 9. Bb2 a6 10. a4 axb5 11. cxb5 c6 12. Nf3 cxb5 13. axb5 Rxa1+ 14. Bxa1 Qb6 15. Qb2 Bd7 16. d3 Qxb5 17. Nd2 Qxb2 18. Bxb2 Bc6 19. e4 Bb5 20. Ke2 Rc8 21. Rb1 Ba6 22. h3 h5 23. Ke3 Nd7 24. d4 f6 25.
h4 Nb6 26. Bh3 Rc7 27. Be6+ Kh7 28. f4 Na4 29. Ba1 Nc3 30. Rb6 Nd1+ 31. Kf3 Rc1 32.
Rb1 Rxb1 33. Nxb1 Nc6 34. dxe5 dxe5 35. Bd5 Nd4+ 36. Bxd4 exd4 37. e5 fxe5 38. fxe5 Kg6 39. Be4+ Kf7 40. Bd5+ Ke7 41. Kf4 Nc3 42. Be4 Be2 43.
Nd2 b5 44. Bf3 d3 45. Ke3 Ke6 46. Kd4 b4 47. Bb7 Bg4 48. Bc8+ Ke7 49. Bxg4 hxg4 50. Kc4 Ne2 51. Kxd3 Nxg3 52. Ke3 Nf5+ 53. Kf4 Nxh4 54. Kxg4 Ng6 55. Kf5 Nh4+ 56. Kg5 Ng2 57. Kg6 Kf8 58. Kf5 Ne3+ 59. Ke4 Nd1 60. Kd5 Ke7 61. Kc4 Ke6 62. Kxb4 Kxe5 63. Kc4 Kf4 64. Kd3 g5 65. Ke2 Nc3+ 66.
Kf2 Nd5 67. Nf1 g4 68. Kg2 Nf6 69. Nd2 Nh5 70. Nf1 Ng7 71. Ng3 Ne6 72. Nh5+ Kg5 73. Ng3 Nf4+ 74. Kf2 Kh4 75. Nf5+ Kh3 76. Ke3 Nh5 77.
Ke4 Nf6+ 78. Kf4 Nd5+ 79. Ke4 Nc3+ 80. Ke3 Kh2 81. Kf4 Kh3 82. Ke3 Nd1+ 83. Ke2 Nb2 84. Ke3 Nc4+ 85. Kf4 Nb6 86. Ke3 Nd7 87. Kf2 Ne5 88. Ke3 Ng6 89. Kf2 Nh4 90. Nxh4 Kxh4 91. Kg2 g3 92. Kg1 Kg4 93. Kg2 Kf4 94. Kg1 Kf3 95. Kf1 Ke3 96. Kg2 Kf4 97. Kg1 Kg5 98. Kg2 Kh4 99. Kg1 Kh3 100. Kh1 g2+ 101. Kg1 Kg3 1/2-1/2

[Event "Early-Titled-Tuesday-Blitz-March-12-2024"]
[Site "Chess.com"]
[Date "2024.03.12"]
[Round "6"]
[White "LileKoridze"]
[Black "FoxOnTheRun97"]
[Result "1/2-1/2"]
[WhiteElo "2439"]
[BlackElo "2610"]
[TimeControl "180+1"]
[EndTime "9:08:54 PDT"]
[Termination "Game drawn - timeout vs insufficient material"]

1. d4 Nf6 2. c4 e6 3. Nf3 d5 4.
g3 Bb4+ 5. Bd2 Be7 6. Bg2 O-O 7. O-O dxc4 8. Qc2 b5 9. Nc3 c6 10. a4 b4 11. Ne4 Nxe4 12. Qxe4 Ba6 13. Ne5 Qa5 14.
Qc2 Rd8 15. Nxc4 Qc7 16. e3 Nd7 17. b3 Rac8 18. Rfc1 c5 19. Nb2 Bf6 20. Rab1 Qd6 21. dxc5 Rxc5 22. Bxb4 Rxc2 23. Bxd6 Rxb2 24. Rxb2 Bxb2 25.
Rc7 Be5 26. Rxa7 Bxd6 27. Rxa6 Bb4 28. Rc6 Kf8 29. Bf1 Nc5 30. Rb6 Ba3 31. a5 Ra8 32. a6 Ke7 33. b4 Nd7 34. Rb7 Kd6 35. b5 Bc5 36. Bg2 Ra7 37. Bc6 Rxb7 38. Bxb7 Kc7 39. Bc6 Nb8 40. Be4 Kb6 41. Bd3 h6 42.
Kf1 Nd7 43. f4 Bxe3 44. Ke2 Bc5 45. Kf3 Nf6 46. g4 Nd5 47. h4 Nc7 48. g5 hxg5 49. hxg5 Bd4 50. Ke4 Bc3 51. f5 exf5+ 52. Kxf5 f6 53.
gxf6 gxf6 54. Bc4 Be5 55. Bd3 Ne8 56. Ke6 Nd6 57. Kd5 Nc8 58. Ke6 Na7 59. Kd5 Bc3 60.
Ke6 Bd4 61. Kd5 Ba1 62. Ke6 Kc7 63. Kd5 Nc8 64. Kc5 Be5 65. a7 Kb7 66. b6 Nxb6 67. a8=N Nxa8 68. Be4+ Kb8 69. Kd5 Nc7+ 70. Kc6 Kc8 71.
Bf5+ Kd8 72. Kc5 Ne8 73. Kd5 Ke7 74. Bb1 Nc7+ 75. Ke4 Ne6 76. Kf5 Bb2 77. Kg6 Nd4 78.
Bd3 Nf3 79. Be2 Ne5+ 80. Kf5 Nf7 81. Bd3 Nd6+ 82. Kg6 Be5 83. Bc2 Nb5 84. Bd3 Nd4 85.
Bb1 Kd6 86. Bd3 Kd5 87. Bb1 Kc4 88. Be4 Kc3 89. Bb1 Kd2 90. Be4 Ke3 91. Bb1 Ne6 92.
Kf5 Nc5 93. Kg6 Kf4 94. Bc2 Ne4 95. Bb3 Bd4 96. Be6 Ke5 97. Bc8 Nd6 98. Bh3 f5 99. Bxf5 Nxf5 100. Kg5 Be3+ 101. Kg4 Ke4 102. Kh3 Kf3 103.
Kh2 Bf2 104. Kh1 Ne3 105. Kh2 Nc4 106. Kh1 Nd2 107. Kh2 Ne4 108. Kh1 Ng3+ 109. Kh2 Be3 110. Kh3 Bg1 111. Kh4 Kf4 112. Kh3 Kf3 113. Kh4 Bd4 114. Kh3 Ne4 115. Kh2 1/2-1/2

[Event "Early-Titled-Tuesday-Blitz-March-12-2024"]
[Site "Chess.com"]
[Date "2024.03.12"]
[Round "7"]
[White "Boliviar"]
[Black "Casper"]
[Result "0-1"]
[WhiteElo "2382"]
[BlackElo "2497"]
[TimeControl "180+1"]
[EndTime "9:12:01 PDT"]
[Termination "Casper won by resignation"]

1. d4 d5 2. Nf3 Nf6 3. c4 dxc4 4. Nc3 Bg4 5. Qa4+ Nc6 6. Ne5 Bd7 7. Nxd7 Qxd7 8. e3 e5 9. dxe5 Nxe5 10. Qxd7+ Nfxd7 11. e4 O-O-O 12. Be3 Nc5 13. Bxc5 Bxc5 14. Rd1 Bd4 15.
f4 Ng4 16. Bxc4 Ne3 17. Rd2 Nxc4 0-1

[Event "Early-Titled-Tuesday-Blitz-March-12-2024"]
[Site "Chess.com"]
[Date "2024.03.12"]
[Round "7"]
[White "LuisFSiles"]
[Black "UnTucopalaTimba"]
[Result "1-0"]
[WhiteElo "2293"]
[BlackElo "1993"]
[TimeControl "180+1"]
[EndTime "9:12:05 PDT"]
[Termination "LuisFSiles won by checkmate"]

1. e4 c6 2. d4 d5 3. exd5 cxd5 4.
c4 Nf6 5. Nc3 Nc6 6. Bg5 e6 7.
Nf3 Be7 8. a3 O-O 9. Bd3 h6 10.
Bh4 dxc4 11. Bxc4 a6 12. O-O b5 13. Ba2 Bb7 14. Qd3 Rc8 15. Rad1 Na5 16. Bb1 g6 17.
Ne5 b4 18. Nxg6 bxc3 19. Nxe7+ Qxe7 20. Bxf6 Qxf6 21. Qh7# 1-0

[Event "Early-Titled-Tuesday-Blitz-March-12-2024"]
[Site "Chess.com"]
[Date "2024.03.12"]
[Round "7"]
[White "Renatoforf"]
[Black "Carlos-Godoy"]
[Result "0-1"]
[WhiteElo "1585"]
[BlackElo "2067"]
[TimeControl "180+1"]
[EndTime "9:12:24 PDT"]
[Termination "Carlos-Godoy won by resignation"]

1. e4 e6 2. d4 d5 3. e5 c5 4. c3 Nc6 5. Nf3 Qb6 6. Na3 f6 7. Nc2 fxe5 8. Nxe5 cxd4 9. cxd4 Nxe5 10. dxe5 Bc5 11. Be3 Bxe3 12. Nxe3 Qxb2 13. Qc1 Qb4+ 14. Qd2 Qxd2+ 15. Kxd2 Ne7 16. f3 O-O 17. Bd3 Nc6 18.
Rhc1 Nxe5 0-1

[Event "Early-Titled-Tuesday-Blitz-March-12-2024"]
[Site "Chess.com"]
[Date "2024.03.12"]
[Round "7"]
[White "RandomNoob04"]
[Black "LogoCzar"]
[Result "1-0"]
[WhiteElo "2624"]
[BlackElo "2395"]
[TimeControl "180+1"]
[EndTime "9:12:34 PDT"]
[Termination "RandomNoob04 won by resignation"]

1. e4 f6 2. d4 Kf7 3. f4 d6 4. Nf3 Ke6 5. d5+ Kd7 6. Nd4 Ke8 7. Bb5+ c6 8. dxc6 Kf7 9. Bc4+ e6 10.
cxb7 Bxb7 11. Nxe6 Qc8 12. Bb3 Ke7 13. Nxf8 Kxf8 14. Nc3 Ne7 15. Be3 Nd7 16. Qxd6 a5 17. O-O-O Ke8 18. Be6 Bc6 19. Bc5 Ng6 20. f5 Ra6 21.
fxg6 1-0

[Event "Early-Titled-Tuesday-Blitz-March-12-2024"]
[Site "Chess.com"]
[Date "2024.03.12"]
[Round "7"]
[White "stollenmonster"]
[Black "Statham_01"]
[Result "1-0"]
[WhiteElo "2855"]
[BlackElo "2582"]
[TimeControl "180+1"]
[EndTime "9:12:45 PDT"]
[Termination "stollenmonster won by resignation"]

1. e4 e5 2. Nc3 Nf6 3. g3 Bc5 4. Bg2 d6 5. h3 Nc6 6. Nge2 h5 7.
d3 h4 8. g4 Be6 9. Nd5 Bxd5 10. exd5 Ne7 11. c4 c6 12. dxc6 bxc6 13. O-O Rc8 14. d4 Bb6 15. c5 dxc5 16. dxe5 Qxd1 17. Rxd1 Nd7 18. f4 g5 19. Nc3 c4+ 20. Kh1 gxf4 21. Ne4 Nxe5 22. Nd6+ Kd7 23. Nxc4+ Kc7 24. Nxe5 f6 25.
Nf7 1-0